 Dungeon Crawl Stone Soup version 0.31.0-11-ge490571c62 (webtiles) character file.

Game seed: 2083455872019876067

21772 Baz the Reanimator (level 12, -6/96 HPs)
             Began as a Demonspawn Necromancer on Feb 8, 2024.
             Was the Champion of Cheibriados.
             Killed from afar by a gargoyle (19 damage)
             ... with a stone arrow
             ... in a volcano.
             The game lasted 00:35:53 (14766 turns).

Baz the Reanimator (Demonspawn Necromancer)        Turns: 14766, Time: 00:35:53

Health: -6/96      AC:  5    Str: 25    XL:     12   Next: 57%
Magic:  16/34      EV: 17    Int: 34    God:    Cheibriados [******]
Gold:   925        SH:  6    Dex: 29    Spells: 10/29 levels left

rFire   + . .        v - +2 short sword (protect)
rCold   . . .        (no shield)
rNeg    . . .        a - +0 robe
rPois   .            d - +0 helmet
rElec   .            J - scarf {+Inv}
rCorr   .            q - +0 pair of gloves
SInv    .            K - +0 pair of boots
Will    .....        (no amulet)
Stlth   +++          N - ring of magical power
HPRegen 0.36/turn    p - ring of protection from fire
MPRegen 0.24/turn

%: no passive effects
@: very slow
A: large bone plates 2, powered by death 2, powered by pain 3
a: Renounce Religion, Evoke Invisibility, Bend Time, Temporal Distortion,
Slouch, Step From Time


You were in a volcano.
You worshipped Cheibriados.
Cheibriados was exalted by your worship.
You visited 2 branches of the dungeon, and saw 13 of its levels.
You also visited: Volcano.

You collected 925 gold pieces.

Inventory:

Hand Weapons
 v - a +2 short sword of protection (weapon)
 A - a +0 dagger of venom
 Q - a +5 long sword
Missiles
 P - 2 throwing nets
Armour
 a - a +0 robe (worn)
 d - a +0 helmet (worn)
 q - a +0 pair of gloves (worn)
 C - a +0 kite shield
 J - a scarf of invisibility (worn)
 K - a +0 pair of boots (worn)
Jewellery
 p - a ring of protection from fire (right hand)
 x - an amulet of guardian spirit
 z - a +4 ring of protection
 B - a +6 ring of strength
 D - a ring of resist corrosion
 H - a ring of flight
 N - a ring of magical power (left hand)
 O - an amulet of faith
Wands
 u - a wand of roots (17)
 G - a wand of charming (21)
 M - a wand of flame (10)
Scrolls
 g - 3 scrolls of enchant armour
 h - a scroll of revelation
 i - a scroll of identify
 j - 4 scrolls of poison
 k - 4 scrolls of immolation
 l - a scroll of silence {unknown}
 n - a scroll of noise {unknown}
 r - 2 scrolls of teleportation
 t - 2 scrolls of torment {unknown}
 w - a scroll of fear {unknown}
 y - 4 scrolls of amnesia {unknown}
 I - a scroll of enchant weapon {unknown}
 S - a scroll of vulnerability {unknown}
 T - a scroll of brand weapon {unknown}
Potions
 b - a potion of magic
 c - 9 potions of curing
 e - 3 potions of haste {unknown}
 f - 4 potions of attraction {unknown}
 m - 3 potions of berserk rage {unknown}
 o - 2 potions of enlightenment {unknown}
 s - a potion of mutation {unknown}
 E - a potion of heal wounds
 F - 2 potions of lignification {unknown}
 L - 2 potions of degeneration {unknown}
 R - a potion of invisibility {unknown}


   Skills:
 + Level 9.6 Fighting
 + Level 5.3 Dodging
 - Level 1.7 Stealth
 - Level 4.0 Shields
 + Level 9.2 Spellcasting
 + Level 13.3 Necromancy
 - Level 3.0 Translocations
 + Level 2.3 Earth Magic
 - Level 10.4 Invocations


You had 10 spell levels left.
You knew the following spells:

 Your Spells              Type           Power      Damage    Failure   Level
a - Necrotise             Necr           100%       1d9       0%          1
b - Vampiric Draining     Necr           82%        2d11      1%          3
c - Animate Dead          Necr           82%        N/A       1%          4
d - Blink                 Tloc           72%        N/A       1%          2
e - Curse of Agony        Necr           82%        N/A       1%          5
f - Brom's Barrelling Bo  Conj/Erth      23%        2d4       19%         4

Your spell library contained the following spells:

 Spells                   Type           Power      Damage    Failure   Level
 Sandblast                Erth           62%        2d14      1%          1
 Lesser Beckoning         Tloc           72%        N/A       1%          2
 Momentum Strike          Conj/Tloc      50%        3d9       2%          2
 Magic Dart               Conj           60%        1d6       3%          1
 Passwall                 Erth           31%        N/A       3%          3
 Call Imp                 Summ           30%        N/A       4%          2
 Stone Arrow              Conj/Erth      46%        3d9       5%          3


Dungeon Overview and Level Annotations

Branches:
Dungeon (10/15)            Temple (0/1) D:7            Lair (3/5) D:8
  Swamp (0/4) Lair:3        Snake (0/4) Lair:2          Orc (0/2) D:9
Volcano (1/1)

Altars:
Cheibriados
Makhleb
Nemelex Xobeh
Ru
Sif Muna
Uskayaw

Shops:
D:2 :

Annotations:
D:2 Sigmund
D:3 exclusion: downstairs
D:4 exclusion: sky beast
D:6 2 transporters, paps's ghost, novice TrSh
Lair:2 exclusion: hydra


Innate Abilities, Weirdness & Mutations

You are mostly covered in large bone plates. (SH +6)
You regenerate health from kills.
You are powered by pain.


Message History

Your salamander zombie barely misses the gargoyle.
The cyclops hits you!
* * * LOW HITPOINT WARNING * * *
You block the gargoyle's attack.
Unknown command.
Casting: Vampiric Draining (safe; 1% risk of failure)
Confirm with . or Enter, or press ? or * to list all spells.
Aiming: Vampiric Draining (safe; 1% risk of failure)
Press: ? - help, Shift-Dir - straight line, f/p - cyclops
Aim: a cyclops, quivering large rocks (almost dead)
You draw life force from the cyclops!
You feel life coursing into your body.
Your salamander zombie hits the gargoyle but does no damage.
The gargoyle hurls a stone arrow at your salamander zombie.
The stone arrow hits your salamander zombie!!
Casting: Vampiric Draining (safe; 1% risk of failure)
Confirm with . or Enter, or press ? or * to list all spells.
Aiming: Vampiric Draining (safe; 1% risk of failure)
Press: ? - help, Shift-Dir - straight line, f/p - cyclops
Aim: a cyclops, quivering large rocks (almost dead)
You draw life force from the cyclops!
You kill the cyclops!
The gargoyle hurls a stone arrow at your salamander zombie.
The stone arrow hits your salamander zombie!
Your salamander zombie hits the gargoyle but does no damage.
Unknown command.
The gargoyle hurls a stone arrow at your salamander zombie.
The stone arrow hits your salamander zombie!!
Your salamander zombie is destroyed!
The gargoyle hurls a stone arrow at your cyclops zombie.
The stone arrow hits your cyclops zombie!!
Unknown command.
The gargoyle hits your cyclops zombie with a +0 mace!
Your cyclops zombie hits the gargoyle.
The gargoyle hits your cyclops zombie with a +0 mace!
Your cyclops zombie is destroyed!
Unknown command.
You block the gargoyle's attack.
The gargoyle hurls a stone arrow at you.
The stone arrow hits you!!
You die...

#.......# #8..∩..8#
#.......# #.......#
#8.....8# ##''#++##
#############.....######
~.....(......8...8......
~.....9@.......⌠.)).....
#..##########.(...######
#.....# #### #8...8#
#.## #########'##
#....... #.......
#++#####


You could see a gargoyle.

Vanquished Creatures
  A two-headed ogre (D:10)
  3 cyclopes (Volcano)
  A salamander (Volcano)
  2 gargoyles (Volcano)
  A black mamba (Lair:2)
  5 cane toads
  A rime drake (Lair:3)
  3 komodo dragons
  A troll (D:9)
  A hornet (D:8)
  3 blink frogs
  8 yaks
  4 wyverns
  A steam dragon (D:9)
  A swamp worm (Lair:3)
  7 water moccasins
  Duvessa (D:6)
  3 ice beasts
  3 orc warriors
  A sky beast (D:7)
  2 ogres
  5 wolves
  5 centaurs
  A phantom (D:4)
  2 kobold brigands
  8 bullfrogs
  2 scorpions
  7 wights
  A gnoll sergeant (D:10)
  A howler monkey (D:10)
  3 crimson imps (D:10)
  3 orc priests
  2 jellies
  4 bombardier beetles
  4 hounds
  Jessica (D:2)
  12 orc wizards
  2 iguanas
  3 hell rats
  14 gnolls
  8 adders
  4 white imps
  2 ufetubi (D:6)
  2 dart slugs
  A ribbon worm (D:4)
  24 orcs
  3 ball pythons
  5 endoplasms
  A giant cockroach (D:1)
  6 goblins
  10 hobgoblins
  5 quokkas
  12 bats
  3 frilled lizards
  19 kobolds
  6 rats
244 creatures vanquished.

Vanquished Creatures (collateral kills)
  A boulder beetle (Lair:1)
  Sonja (Lair:1)
  3 black mambas (Lair:2)
  2 cane toads
  3 komodo dragons
  5 blink frogs (Lair:1)
  2 wyverns
  A basilisk (Lair:1)
  10 yaks
  A steam dragon (D:9)
  Grum (Lair:1)
  Menkaure (D:6)
  5 water moccasins (Lair:2)
  6 wolves (Lair:1)
  A kobold brigand (D:6)
  4 bullfrogs
  A scorpion (D:5)
  A wight (D:9)
  A jelly (D:4)
  Dowan (D:6)
  A hound (D:5)
  2 bombardier beetles
  A sleepcap (D:6)
  4 hell rats (Lair:1)
  An adder (D:4)
  An orc zombie (D:7)
  A shadow imp (D:4)
  2 white imps
  A dart slug (D:1)
  4 orcs
  An endoplasm (D:1)
  3 kobolds
73 creatures vanquished.

Vanquished Creatures (others)
  5 blink frog zombies (Lair:1)
  A salamander zombie (Volcano)
  A cyclops zombie (Volcano)
  A wyvern zombie (D:9)
  A water moccasin zombie (Lair:2)
  A yak zombie (Lair:2)
  2 wolf zombies (Lair:1)
  2 bullfrog zombies (Lair:2)
  A basilisk zombie (Lair:1)
  A hound zombie (D:6)
  4 hell rat zombies (Lair:1)
  2 elf zombies (D:6)
  3 gnoll zombies (D:10)
  2 bombardier beetle zombies
  9 kobold zombies
  9 orc zombies
45 creatures vanquished.

Grand Total: 362 creatures vanquished

Notes
Turn   | Place    | Note
-------+----------+-------------------------------------------
     0 | D:1      | Baz the Demonspawn Necromancer began the quest for the Orb.
     0 | D:1      | Reached XP level 1. HP: 13/13 MP: 3/3
   181 | D:1      | Gained mutation: You sometimes gain a little power by
                  | taking damage. [demonic ancestry]
   181 | D:1      | Reached XP level 2. HP: 20/20 MP: 0/5
   667 | D:1      | Reached skill level 1 in Fighting
   880 | D:2      | Reached skill level 5 in Necromancy
   880 | D:2      | Gained mutation: You sometimes gain power by taking damage.
                  | [demonic ancestry]
   880 | D:2      | Reached XP level 3. HP: 26/26 MP: 0/6
  1015 | D:2      | Noticed Sigmund
  1128 | D:2      | Found a faded altar of an unknown god.
  1148 | D:2      | Prayed at the altar of an unknown god.
  1148 | D:2      | Became a worshipper of Cheibriados the Contemplative
  1148 | D:2      | Reached * piety under Cheibriados
  1579 | D:2      | Learned a level 3 spell: Vampiric Draining
  1629 | D:2      | Found Vossomar's Book Shoppe.
  1711 | D:2      | Gained mutation: You are partially covered in large bone
                  | plates. (SH +4) [demonic ancestry]
  1711 | D:2      | Reached XP level 4. HP: 32/32 MP: 1/7
  1787 | D:2      | Noticed Jessica
  1791 | D:2      | Killed Jessica
  1975 | D:3      | Reached ** piety under Cheibriados
  3153 | D:4      | Reached XP level 5. HP: 38/38 MP: 5/9
  3202 | D:4      | Reached skill level 6 in Necromancy
  3333 | D:4      | Found a hide-covered altar of Uskayaw.
  3339 | D:4      | Learned a level 4 spell: Animate Dead
  3342 | D:4      | Learned a level 2 spell: Blink
  3442 | D:4      | Noticed a sky beast
  3561 | D:4      | Reached *** piety under Cheibriados
  3594 | D:4      | Noticed a phantom
  3594 | D:4      | Noticed an ogre
  3604 | D:4      | Killed an ogre
  3605 | D:4      | Reached XP level 6. HP: 15/46 MP: 6/11
  3609 | D:4      | HP: 2/46 [phantom (7)]
  3633 | D:4      | Reached skill level 1 in Translocations
  3779 | D:4      | Reached skill level 7 in Necromancy
  3867 | D:4      | Reached XP level 7. HP: 48/52 MP: 10/12
  4173 | D:4      | Found a burning altar of Makhleb.
  4601 | D:5      | Entered Level 5 of the Dungeon
  4952 | D:5      | Found a sacrificial altar of Ru.
  4952 | D:5      | Found a sparkling altar of Nemelex Xobeh.
  4968 | D:5      | Found a faded altar of an unknown god.
  4972 | D:5      | Found a faded altar of an unknown god.
  5462 | D:5      | Reached skill level 8 in Necromancy
  5595 | D:5      | Gained mutation: You are mostly covered in large bone
                  | plates. (SH +6) [demonic ancestry]
  5595 | D:5      | Reached XP level 8. HP: 37/60 MP: 9/14
  5792 | D:5      | Reached **** piety under Cheibriados
  5873 | D:5      | Found a shimmering blue altar of Sif Muna.
  5978 | D:6      | Noticed Duvessa
  5978 | D:6      | Noticed Dowan
  5993 | D:6      | Killed Duvessa
  5997 | D:6      | Reached skill level 1 in Invocations
  6007 | D:6      | Killed Dowan
  6167 | D:6      | Your ally Dowan died
  6167 | D:6      | Your ally Duvessa died
  6387 | D:6      | Noticed Menkaure
  6456 | D:6      | Reached skill level 5 in Spellcasting
  6456 | D:6      | Reached skill level 9 in Necromancy
  6757 | D:6      | Killed Menkaure
  6758 | D:6      | Reached skill level 5 in Fighting
  6911 | D:6      | Found a transporter.
  6912 | D:6      | Found a transporter.
  6912 | D:6      | Identified the +9 great mace of Abuse {protect, rC+ Int+3
                  | Stlth+}
  6912 | D:6      | Noticed a two-headed ogre
  6912 | D:6      | Noticed paps's ghost (novice TrSh)
  7104 | D:7      | Found a staircase to the Ecumenical Temple.
  7116 | D:7      | Gained mutation: You regenerate a little health from kills.
                  | [demonic ancestry]
  7116 | D:7      | Reached XP level 9. HP: 68/68 MP: 7/16
  7757 | D:7      | Reached skill level 10 in Necromancy
  7794 | D:7      | Learned a level 5 spell: Curse of Agony
  8336 | D:8      | Reached ***** piety under Cheibriados
  8382 | D:8      | Paralysed by a hornet for 1 turns
  8385 | D:8      | Reached skill level 5 in Invocations
  8621 | D:8      | Found a staircase to the Lair.
  8806 | D:8      | Reached skill level 11 in Necromancy
  9363 | D:9      | Reached XP level 10. HP: 61/77 MP: 10/19
  9496 | D:9      | Found a staircase to the Orcish Mines.
  9532 | D:9      | Reached skill level 1 in Shields
  9915 | D:10     | Entered Level 10 of the Dungeon
 10015 | D:10     | Noticed a two-headed ogre
 10023 | D:10     | Killed a two-headed ogre
 10192 | D:10     | Reached ****** piety under Cheibriados
 11193 | Lair:1   | Entered Level 1 of the Lair of Beasts
 11479 | Lair:1   | Gained mutation: You regenerate health from kills. [demonic
                  | ancestry]
 11479 | Lair:1   | Reached XP level 11. HP: 73/83 MP: 22/22
 11511 | Lair:1   | Noticed Grum
 11519 | Lair:1   | Killed Grum
 11636 | Lair:1   | Reached skill level 12 in Necromancy
 12175 | Lair:1   | Noticed Sonja
 12181 | Lair:1   | Killed Sonja
 12276 | Lair:1   | Noticed a boulder beetle
 12292 | Lair:1   | Killed a boulder beetle
 12703 | Lair:2   | Noticed a seven-headed hydra
 12765 | Lair:2   | Reached skill level 10 in Invocations
 12772 | Lair:2   | Gained mutation: You are powered by pain. [demonic
                  | ancestry]
 12772 | Lair:2   | Reached XP level 12. HP: 12/94 MP: 0/24
 12994 | Lair:2   | Found a staircase to the Snake Pit.
 13252 | Lair:2   | Reached skill level 13 in Necromancy
 13261 | Lair:2   | Learned a level 4 spell: Brom's Barrelling Boulder
 13721 | Lair:2   | Reached skill level 1 in Earth Magic
 13975 | Lair:3   | Found a staircase to the Swamp.
 14053 | Lair:3   | Found a dark tunnel.
 14067 | Volcano  | Entered a volcano
 14098 | Volcano  | Reached skill level 5 in Dodging
 14766 | Volcano  | Killed from afar by a gargoyle

Illustrated notes

Levels and vault maps discovered:
D:1:      lightli_arrival_statue_moat, layout_rooms
D:2:      layout_basic, serial_shops, shop, hellmonk_ecumenical_altar_blasted,
          nicolae_half_adder, uniq_sigmund, uniq_jessica
D:3:      layout_basic
D:4:      minmay_bubble_buster, layout_basic, lightli_temple_of_fire,
          nicolae_uskayaw_suspiria
D:5:      layout_loops_corners, chequers_temple_overflow_minitemple,
          kennysheep_orc_sif_temple
D:6:      layout_cave_pools, mainiacjoe_overflow_alcove_2,
          gammafunk_ghost_smash, uniq_duvessa, uniq_menkaure
D:7:      layout_basic, minmay_temple_entry_waves,
          serial_library_regret_index_multi, billiards_dpeg
D:8:      layout_loops_ring, erik_lair_orcish_takeover, nicolae_zen_rock_garden
D:9:      layout_rooms, orc_0_dummy, reono_crystal_passage
D:10:     layout_roguey, minmay_fire_ice_demons
Lair:1:   layout_chaotic_city, uniq_sonja, uniq_grum
Lair:2:   layout_cellular_growth, minmay_snake_entry_six_corridors,
          grunt_megastairs_5, lemuel_fruit_tree
Lair:3:   beast_lair_carwin_large_3, layout_long_grid, minmay_swamp_entry_worms,
          nicolae_volcano_entry_hallway, serial_bayou_shore_a, uniq_urug
Volcano:  hellmonk_zot_springs

Skill      XL: |  1  2  3  4  5  6  7  8  9 10 11 12 |
---------------+-------------------------------------+-----
Fighting       | 1 2 3 4 5 6 7 8 9 |  9.6
Necromancy     | 5 6 7 8 9 11 12 13 | 13.3
Spellcasting   | 3 4 5 6 7 8 9 |  9.2
Translocations | 1 2 3 |  3.0
Invocations    | 3 6 8 10 | 10.4
Shields        | 3 4 |  4.0
Dodging        | 4 5 |  5.3
Earth Magic    | 2 |  2.3
Stealth        | |  1.7

Action                     |  1- 3 |  4- 6 |  7- 9 | 10-12 || total
---------------------------+-------+-------+-------+-------++-------
  Melee: Unarmed           |    31 |       |       |       ||    31
         Punch             |     1 |       |     5 |     9 ||    15
         Dagger            |     4 |    17 |     2 |       ||    23
         Short sword       |       |       |   398 |   450 ||   848
   Cast: Necrotise         |    68 |    78 |    67 |    25 ||   238
         Vampiric Draining |       |     5 |    57 |   113 ||   175
         Animate Dead      |       |     1 |     7 |     7 ||    15
         Curse of Agony    |       |       |       |    11 ||    11
 Invoke: Bend Time         |       |       |     1 |     2 ||     3
  Evoke: Wand              |       |     1 |       |       ||     1
    Use: Potion            |       |     2 |     2 |     1 ||     5
         Scroll            |       |       |       |     5 ||     5
   Stab: Sleeping          |       |       |     4 |     3 ||     7
         Distracted        |       |       |     2 |     7 ||     9
 Armour: Robe              |    25 |    28 |   377 |   363 ||   793
  Dodge: Dodged            |    29 |    36 |   296 |   419 ||   780
  Block: Other             |       |    12 |   120 |   168 ||   300
